 Dungeon Crawl Stone Soup version 0.25.1-2-g60ff931df9 (webtiles) character file.

Game seed: 2833722519932402099

245 Curus the Poker (level 5, 0/45 HPs)
             Began as a Minotaur Abyssal Knight on Sept 28, 2020.
             Was a Believer of Lugonu.
             Slain by Edmund
             ... wielding a +5 dire flail of draining
              (6 damage)
             ... on level 5 of the Dungeon.
             The game lasted 00:12:30 (3014 turns).

Curus the Poker (Minotaur Abyssal Knight)           Turns: 3014, Time: 00:12:31

Health: 0/45       AC:  6    Str: 17    XL:     5   Next: 84%
Magic:  6/7        EV:  8    Int:  9    God:    Lugonu [**....]
Gold:   104        SH:  3    Dex: 10    Spells: 4/4 levels left

rFire    . . .     SeeInvis .   a - +2 spear
rCold    . . .     Gourm    .   i - +0 buckler
rNeg     . . .     Faith    .   h - +0 scale mail
rPois    .         Spirit   .   (helmet restricted)
rElec    .         Reflect  .   (no cloak)
rCorr    +         Harm     .   (no gloves)
MR       .....                  (no boots)
Stlth    ..........             j - amulet of regeneration
HPRegen  0.55/turn              p - ring of resist corrosion
MPRegen  0.10/turn              (no ring)

@: heavily drained
A: retaliatory headbutt, horns 2
a: Depart the Abyss, Bend Space, Renounce Religion


You were on level 5 of the Dungeon.
You worshipped Lugonu.
Lugonu was pleased with you.
You were not hungry.

You visited 1 branch of the dungeon, and saw 5 of its levels.
You visited the Abyss 1 time.

You collected 153 gold pieces.
You spent 49 gold pieces at shops.

Inventory:

Hand Weapons
 a - a +2 spear (weapon)
Armour
 b - a +1 leather armour
 e - a +0 ring mail
 h - a +0 scale mail (worn)
 i - a +0 buckler (worn)
Jewellery
 j - an amulet of regeneration (around neck)
 n - a cursed ring of teleportation
 p - a ring of resist corrosion (left hand)
Scrolls
 d - 3 scrolls of teleportation
 g - 6 scrolls of identify
 l - a scroll of fear
 m - a scroll of remove curse
 o - a scroll of enchant armour
Potions
 f - 2 potions of heal wounds
 k - 2 potions of curing
Comestibles
 c - 11 rations


   Skills:
 - Level 3.6(2.3) Fighting
 + Level 5.5(4.1) Polearms
 - Level 2.4(1.1) Armour
 - Level 1.1(0.0) Dodging
 + Level 4.4(3.1) Invocations


You had 4 spell levels left.
You didn't know any spells.
Your spell library was empty.

Dungeon Overview and Level Annotations

Branches:
Dungeon (5/15)
 Temple: D:4-7

Altars:

Shops:
D:4 =%

Annotations:
D:5 Edmund


Innate Abilities, Weirdness & Mutations

You reflexively headbutt those who attack you in melee.
You have a pair of horns on your head.


Message History

You feel drained.
You barely miss Edmund. Your headbutt misses Edmund.
Edmund hits you with a +5 dire flail of draining!
You feel drained.
There is a stone staircase leading up here.
Space bends around you!
You blink.
Edmund barely misses you. You furiously retaliate!
You headbutt Edmund!
Found a spear.
A jelly comes into view.
The jelly quivers.
Edmund hits you with a +5 dire flail of draining!
You feel drained.
* * * LOW HITPOINT WARNING * * *
Edmund hits you with a +5 dire flail of draining!
* * * LOW HITPOINT WARNING * * *
You feel drained.
* * * LOW HITPOINT WARNING * * *
There is a stone staircase leading up here.
Edmund hits you with a +5 dire flail of draining.
You die...

.. .. .).
#.# . #..
#.# .
#..##.##.
.......
....# #####
#..##.... .
#..#..#
...###..@@#
..........##
.........J#
....####.##
.## #.# #.#
#.# #.# #.#


You could see Edmund and a jelly.

Vanquished Creatures
  A scorpion (D:4)
  Natasha (twice) (D:2)
  Robin (D:2)
  3 adders
  3 oozes
  3 worms
  5 dart slugs
  3 orcs (D:3)
  7 bats
  2 giant cockroaches (D:3)
  15 goblins
  9 hobgoblins
  3 jackals (D:3)
  3 quokkas (D:3)
  4 frilled lizards
  7 kobolds
  8 rats
79 creatures vanquished.

Notes
Turn   | Place    | Note
-------+----------+-------------------------------------------
     0 | Abyss:1  | Curus the Minotaur Abyssal Knight began the quest for the
                  | Orb.
     0 | Abyss:1  | Reached XP level 1. HP: 19/19 MP: 1/1
    54 | D:1      | Escaped the Abyss
   342 | D:1      | Reached XP level 2. HP: 18/26 MP: 2/2
   448 | D:1      | Reached skill level 3 in Polearms
  1156 | D:2      | Reached XP level 3. HP: 21/31 MP: 4/4
  1404 | D:2      | Found a faded altar of an unknown god.
  1425 | D:2      | Noticed Robin
  1438 | D:2      | Reached ** piety under Lugonu
  1453 | D:2      | Killed Robin
  1453 | D:2      | Reached skill level 4 in Polearms
  1453 | D:2      | Reached XP level 4. HP: 36/39 MP: 5/5
  1510 | D:2      | Noticed Natasha
  1518 | D:2      | Killed Natasha
  1654 | D:2      | Noticed Natasha
  1662 | D:2      | Killed Natasha
  1937 | D:3      | Reached XP level 5. HP: 45/45 MP: 6/6
  2015 | D:3      | Reached skill level 5 in Polearms
  2254 | D:3      | Reached *** piety under Lugonu
  2487 | D:4      | Found Loegaor's Jewellery Shoppe.
  2505 | D:4      | Bought a cursed ring of teleportation for 49 gold pieces
  2907 | D:4      | Found Jaudilaewn's Food Shoppe.
  3001 | D:5      | Entered Level 5 of the Dungeon
  3001 | D:5      | Noticed Edmund
  3014 | D:5      | Slain by Edmund

Illustrated notes

Levels and vault maps discovered:
D:1:      psy_arrival_wood_between_worlds, layout_basic
D:2:      layout_basic, chequers_ecumenical_altar_twisty, uniq_natasha,
          uniq_robin
D:3:      minmay_diamond_boxcup, layout_basic, first_ration,
          kennysheep_generic_room_4
D:4:      layout_cave_pools, serial_shops, shop, nicolae_shop_waterfront
D:5:      layout_rooms, uniq_edmund

Skill      XL: |  1  2  3  4  5 |
---------------+----------------+-----
Invocations    | 2 3 4 |  4.4
Polearms       | 3 4 5 |  5.5
Fighting       | |  3.6
Armour         | |  2.4
Dodging        | |  1.1

Action                   |  1- 3 |  4- 6 || total
-------------------------+-------+-------++-------
Melee: Spear             |    95 |   124 ||   219
       Headbutt          |    13 |    14 ||    27
Invok: Bend Space        |       |     1 ||     1
  Use: Scroll            |    10 |     1 ||    11
       Potion            |     5 |       ||     5
  Eat: Chunk             |     2 |     3 ||     5
       Ration            |       |     1 ||     1
Armor: Ring mail         |     9 |       ||     9
       Scale mail        |    15 |    37 ||    52
Dodge: Dodged            |    25 |    39 ||    64
